 Dungeon Crawl Stone Soup version 0.23.2-40-g277498a (webtiles) character file.

Game seed: 8967171757933256937

709 Fang the Skirmisher (level 7, 0/44 HPs)
             Began as a Gargoyle Berserker on Oct 18, 2019.
             Was a Priest of Trog.
             Slain by a sky beast (2 damage)
             ... on level 6 of the Dungeon.
             The game lasted 00:03:44 (4174 turns).

Fang the Skirmisher (Gargoyle Berserker)            Turns: 4174, Time: 00:03:45

Health: 0/44       AC: 14    Str: 22    XL:     7   Next: 68%
Magic:  7/7        EV:  6    Int:  8    God:    Trog [***...]
Gold:   184        SH:  0    Dex:  9    Spells: 6/6 levels left

rFire    . . .     SeeInvis .   a - +0 hand axe
rCold    . . .     Gourm    .   (no shield)
rNeg     + . .     Faith    .   b - +0 chain mail
rPois    ∞         Spirit   .   (no helmet)
rElec    +         Reflect  .   (no cloak)
rCorr    .         Harm     .   (no gloves)
MR       .....                  (no boots)
Stlth    ..........             (no amulet)
HPRegen  0.14/turn              m - -3 ring of evasion (curse)
MPRegen  0.10/turn              (no ring)

@: berserk cooldown, slowed, very slow
A: negative energy resistance 1, electricity resistance, unbreathing,
petrification resistance, rot immunity, AC +4
a: Berserk, Trog's Hand, Renounce Religion


You were on level 6 of the Dungeon.
You worshipped Trog.
Trog was most pleased with you.
You were not hungry.

You visited 1 branch of the dungeon, and saw 6 of its levels.

You collected 184 gold pieces.

Inventory:

Hand Weapons
 a - a +0 hand axe (weapon)
Armour
 b - a +0 chain mail (worn)
Jewellery
 m - a cursed -3 ring of evasion (left hand)
 z - a cursed -2 ring of intelligence {unknown}
Wands
 p - a wand of paralysis (12)
 s - a wand of digging (3)
 y - a wand of enslavement (9)
Scrolls
 e - 6 scrolls of remove curse {unknown}
 g - 2 scrolls of immolation {unknown}
 i - a scroll of teleportation {unknown}
 k - 7 scrolls of identify {unknown}
 o - a scroll of enchant weapon {unknown}
 q - a scroll of magic mapping {unknown}
 u - a scroll of blinking {unknown}
 w - a scroll of random uselessness {unknown}
 x - a scroll of noise {unknown}
Potions
 d - 2 potions of lignification {unknown}
 f - a potion of invisibility
 h - a potion of berserk rage {unknown}
 j - 3 potions of degeneration {unknown}
 l - 4 potions of curing {unknown}
 n - a potion of haste {unknown}
 r - 2 potions of flight {unknown}
 t - a potion of mutation {unknown}
 v - a potion of heal wounds {unknown}
Comestibles
 c - 10 rations
 A - 3 chunks of flesh


   Skills:
 + Level 5.5 Fighting
 + Level 4.5 Axes
 + Level 4.9 Armour
 + Level 3.7 Dodging


You had 6 spell levels left.
You didn't know any spells.
Your spell library was empty.

Dungeon Overview and Level Annotations

Branches:
Dungeon (6/15)
 Temple: D:4-7

Altars:
Hepliaklqana
Okawaru
Yredelemnul


Innate Abilities, Weirdness & Mutations

You are resistant to torment.
Your stone body is resilient. (AC +4)
You are immune to poison.
You resist negative energy. (rN+)
You are resistant to electric shocks. (rElec)
You can survive without breathing.
You are immune to petrification.
You are immune to rotting.


Message History

You closely miss the sky beast.
The sky beast flickers out of sight!
Deactivating autopickup; reactivate with Ctrl-A.
Something hits you.
* * * LOW HITPOINT WARNING * * *
Something shocks you. You resist.
* * * LOW HITPOINT WARNING * * *
You closely miss something.
Something hits you but does no damage. x2
You hit something.
Something hits you but does no damage. x2
You barely miss something. Something hits you but does no damage.
You slash something!
Something hits you but does no damage. x2
You closely miss something.
A sky beast appears from thin air!
Reactivating autopickup.
The sky beast hits you but does no damage.
The sky beast barely misses you.
You miss the sky beast.
The sky beast is moderately wounded.
The sky beast hits you.
* * * LOW HITPOINT WARNING * * *
The sky beast shocks you. You resist.
You die...

# #.
###.####
......# .
#.#..#
...##....###
).......Y%.#
...###.†@#.#
##÷.#.#
#.......#.#
...#######.#
#.# #.# #.#


You could see a sky beast.

Vanquished Creatures
  An ice beast (D:5)
  An ogre (D:4)
  A scorpion (D:6)
  A howler monkey (D:6)
  A centaur zombie (D:5)
  5 hounds
  3 worker ants
  A hound skeleton (D:4)
  8 adders
  A gnoll (D:2)
  2 oozes (D:1)
  A worm (D:2)
  3 dart slugs
  2 leopard geckos (D:2)
  5 orcs
  A ball python (D:5)
  A giant cockroach (D:1)
  16 goblins
  7 hobgoblins
  4 jackals (D:3)
  3 quokkas
  3 bats
  6 frilled lizards
  4 kobolds
  4 rats
85 creatures vanquished.

Notes
Turn   | Place    | Note
-------+----------+-------------------------------------------
     0 | D:1      | Fang the Gargoyle Berserker began the quest for the Orb.
     0 | D:1      | Reached XP level 1. HP: 14/14 MP: 1/1
    48 | D:1      | Reached XP level 2. HP: 18/19 MP: 2/2
   529 | D:1      | Reached XP level 3. HP: 22/23 MP: 3/3
   810 | D:2      | Reached ** piety under Trog
   881 | D:2      | Reached XP level 4. HP: 25/29 MP: 4/4
   908 | D:2      | Found a basalt altar of Yredelemnul.
  1207 | D:2      | Found an iron altar of Okawaru.
  1227 | D:2      | Reached skill level 4 in Fighting
  1660 | D:3      | Reached XP level 5. HP: 31/33 MP: 5/5
  1872 | D:3      | Found a hazy altar of Hepliaklqana.
  2227 | D:4      | Noticed an ogre
  2234 | D:4      | Killed an ogre
  2234 | D:4      | Reached XP level 6. HP: 22/39 MP: 6/6
  2873 | D:4      | Reached *** piety under Trog
  3250 | D:5      | Entered Level 5 of the Dungeon
  3250 | D:5      | Noticed an ice beast
  3259 | D:5      | Killed an ice beast
  3259 | D:5      | Reached skill level 5 in Fighting
  3259 | D:5      | Reached XP level 7. HP: 31/44 MP: 7/7
  4174 | D:6      | HP: 2/44 [sky beast (3)]
  4174 | D:6      | Slain by a sky beast

Skill      XL: |  1  2  3  4  5  6 |
---------------+-------------------+-----
Axes           | 3 4 |  4.5
Dodging        | 2 3 |  3.7
Armour         | 3 4 |  4.9
Fighting       | 4 5 |  5.5

Action                   |  1- 3 |  4- 6 |  7- 9 || total
-------------------------+-------+-------+-------++-------
Melee: Hand axe          |    89 |   213 |    77 ||   379
Invok: Berserk           |     1 |     3 |     1 ||     5
  Eat: Chunk             |     1 |     9 |     5 ||    15
Armor: Animal skin       |    25 |       |       ||    25
       Chain mail        |     6 |   204 |    84 ||   294
Dodge: Dodged            |    64 |    98 |    31 ||   193
